 Dungeon Crawl Stone Soup version 0.16.2-12-gd0ad4c3 (webtiles) character file.

12600 faibistes the Thaumaturge (level 11, -13/64 HPs)
             Began as a Deep Elf Wizard on Nov 10, 2018.
             Was an Elder of Sif Muna.
             Killed from afar by Harold (26 damage)
             ... with a bolt of fire
             ... on level 2 of the Lair of Beasts.
             The game lasted 00:47:46 (16755 turns).

faibistes the Thaumaturge (Deep Elf Wizard)        Turns: 16755, Time: 00:47:49

Health: -13/64     AC:  7    Str:  4    XL:     11   Next: 64%
Magic:  30/43      EV: 17    Int: 27    God:    Sif Muna [****..]
Gold:   393        SH:  0    Dex: 13    Spells: 6 memorised, 23 levels left

rFire  . . .     SeeInvis .     M - +2 dagger (holy)
rCold  + . .     Clarity  .     X - +1 robe {rC+}
rNeg   . . .     SustAb   .     (no shield)
rPois  .         Gourm    .     b - +1 hat
rElec  .         Spirit   .     V - +0 cloak
rCorr  .         Warding  .     P - +1 pair of gloves
rMut   .         Stasis   .     (no boots)
MR     +....                    I - amulet of rage
Stlth  ++........               w - +3 ring of slaying
                                D - ring of magical power

@: repel missiles, somewhat resistant to hostile enchantments, unstealthy
A: no striking features
a: Channel Energy, Forget Spell, Renounce Religion, Evoke Berserk Rage


You were on level 2 of the Lair of Beasts.
You worshipped Sif Muna.
Sif Muna was greatly pleased with you.
You were not hungry.

You visited 3 branches of the dungeon, and saw 14 of its levels.

You collected 713 gold pieces.
You spent 320 gold pieces at shops.

Inventory:

Hand weapons
 j - a +0 dagger
 M - a +2 dagger of holy wrath (weapon)
 U - a +1 dagger of freezing
Armour
 b - a +1 hat (worn)
 P - a +1 pair of gloves (worn)
 V - a +0 cloak (worn)
 X - a +1 robe of cold resistance (worn)
Jewellery
 w - a +3 ring of slaying (right hand)
 A - an uncursed ring of sustain abilities
 D - a ring of magical power (left hand)
 I - an amulet of rage (around neck)
 L - an uncursed ring of flight
Magical devices
 a - a wand of magic darts (22)
 e - a wand of confusion (4)
 x - a wand of flame (14)
 y - a wand of draining (1)
 z - a wand of paralysis (10)
 B - a wand of invisibility (1)
 G - a wand of polymorph (7)
 Q - a wand of magic darts (43)
Scrolls
 c - a scroll of recharging
 h - 5 scrolls of remove curse
 i - a scroll of fear
 q - 5 scrolls of teleportation
 s - 4 scrolls of immolation
 C - a scroll of fog
Potions
 f - a potion of agility
 g - a potion of cancellation
 l - a potion of cure mutation
 t - 3 potions of restore abilities
 v - 3 potions of magic
 E - 2 potions of lignification
 F - a potion of flight
 K - 2 potions of brilliance
 O - a potion of might {unknown}
 R - a potion of ambrosia {unknown}
 S - 2 potions of poison
Books
 m - a book of Debilitation

   Spells                             Type                      Level
   a - Corona                         Hexes                        1
   b - Slow                           Hexes                        2
   c - Inner Flame                    Hexes/Fire                   3
   d - Enslavement                    Hexes                        4
   e - Cause Fear                     Hexes                        4
   f - Leda's Liquefaction            Hexes/Earth                  4
Comestibles
 d - 12 bread rations
 n - 10 meat rations
 o - 26 fruits
 p - a royal jelly
 r - 4 slices of pizza
 u - 2 chunks of flesh
 W - 3 beef jerkies


   Skills:
 + Level 5.8 Fighting
 + Level 8.8 Dodging
 - Level 2.4 Stealth
 * Level 13.2 Spellcasting
 + Level 7.0 Conjurations
 + Level 4.3 Charms
 - Level 1.1 Summonings
 + Level 4.1 Translocations
 * Level 5.5 Fire Magic
 - Level 4.0 Air Magic
 - Level 2.9 Poison Magic
 * Level 4.4 Invocations
 + Level 5.0 Evocations


You had 23 spell levels left.
You knew the following spells:

 Your Spells              Type           Power        Failure   Level  Hunger
a - Magic Dart            Conj           ####         1%          1    None
b - Conjure Flame         Conj/Fire      ######..     1%          3    None
c - Call Imp              Summ           ###.....     3%          2    None
d - Blink                 Tloc           N/A          1%          2    None
e - Mephitic Cloud        Conj/Pois/Air  #####...     1%          3    None
f - Repel Missiles        Chrm/Air       #####.       1%          2    None


Dungeon Overview and Level Annotations

Branches:
Dungeon (10/15)            Temple (1/1) D:7            Lair (3/8) D:8
    Orc (0/4) D:9
  Swamp: Lair:3-6    Shoals: Lair:3-6     Snake: Lair:3-6    Spider: Lair:3-6

Altars:
Ashenzari
Cheibriados
Dithmenos
Elyvilon
Fedhas
Gozag
Kikubaaqudgha
Makhleb
Nemelex Xobeh
Okawaru
Qazlal
Ru
Sif Muna
Trog
Vehumet
Xom
Yredelemnul
Zin
The Shining One

Shops:
D:7 =   D:8 [

Annotations:
D:9 exclusion: oklob plant
Lair:2 Fannar, Harold


Message History

Aim: a seven-headed hydra (flame, severely wounded)
The puff of flame hits the seven-headed hydra.
The seven-headed hydra is severely wounded.
This wand has 14 charges left.
The seven-headed hydra is engulfed in roaring flames.
The seven-headed hydra completely misses you.
The seven-headed hydra bites you! x3
The seven-headed hydra barely misses you.
The seven-headed hydra bites you!
* * * LOW HITPOINT WARNING * * *
The seven-headed hydra bites you!
* * * LOW HITPOINT WARNING * * *
Drink which item? (? for menu, Esc to quit)
You feel better.
Harold seems less confused.
The seven-headed hydra is engulfed in roaring flames.
You kill the seven-headed hydra!
Your Conjurations skill increases to level 7!
Harold gestures at you while chanting. The bolt of fire hits you!
You die...

##...............#
.............P##
.............###
..........†....#
....(.....>...####
.#.###....###..#.##
.### #...P# ##..#.#
...####..####P...##
....###....#####@.###
....##...P## ##§(.##
...#####.## ##§..#
...# #..# ##§....#
...# #..# §.....#
...# #..# §@..###
..## ##..## §..##
.#### #....# ..#.
..#.###...## ..###


You could see Harold.

Vanquished Creatures
  Gastronok (Lair:2)
  2 hydras
  Pikel (D:6)
  Maurice (D:9)
  2 spiny frogs
  A komodo dragon (Lair:1)
  A fire drake (D:7)
  Grinder (D:5)
  5 blink frogs (Lair:1)
  A two-headed ogre (D:9)
  A deep elf mage (D:9)
  3 yaks (Lair:1)
  Eustachio (D:8)
  A hippogriff (D:8)
  Dowan (D:6)
  5 ice beasts
  2 slaves (D:6)
  A swamp drake (D:9)
  4 porcupines
  6 water moccasins
  3 orc warriors
  A crocodile (Lair:1)
  4 sky beasts
  4 ogres
  2 black bears
  3 phantoms
  Duvessa (D:6)
  3 big kobolds
  5 giant frogs
  Blork the orc (D:5)
  2 scorpions
  A wyvern skeleton (D:10)
  4 wights (D:9)
  A water moccasin skeleton (D:7)
  7 killer bees
  4 goliath beetles
  3 crimson imps
  A giant frog zombie (D:5)
  6 jellies (D:9)
  2 centaur skeletons (D:10)
  8 worker ants
  5 orc priests
  A giant frog skeleton (D:3)
  6 hounds
  10 orc wizards
  7 iguanas
  A hound skeleton (D:4)
  6 river rats (Lair:1)
  9 adders
  A shadow imp (D:9)
  A giant mite (D:2)
  5 worms
  8 giant geckos
  15 oozes
  32 orcs
  2 ball pythons
  7 bats
  4 giant cockroaches
  12 hobgoblins
  10 jackals
  9 quokkas
  A giant gecko skeleton (D:5)
  6 giant newts
  10 goblins
  A jackal skeleton (D:5)
  15 kobolds
  14 rats
305 creatures vanquished.

Vanquished Creatures (collateral kills)
  A giant frog skeleton (D:4)
  An adder (D:3)
  A worm (D:1)
  3 orcs (D:3)
  A giant cockroach (D:1)
  6 jackals (D:1)
  A giant newt (D:1)
  3 rats (D:1)
17 creatures vanquished.

Vanquished Creatures (others)
  2 slaves (D:6)
  An ogre (D:6)
  A crimson imp (D:4)
  An orc wizard (D:8)
  A shadow imp (Lair:2)
  A white imp (D:3)
  8 fungi
  2 plants
17 creatures vanquished.

Grand Total: 339 creatures vanquished

Notes
Turn   | Place    | Note
--------------------------------------------------------------
     0 | D:1      | faibistes, the Deep Elf Wizard, began the quest for the Orb.
     0 | D:1      | Reached XP level 1. HP: 10/10 MP: 6/6
   532 | D:1      | Reached XP level 2. HP: 15/15 MP: 7/10
   567 | D:1      | Learned a level 2 spell: Blink
   570 | D:1      | Learned a level 2 spell: Call Imp
   929 | D:1      | Reached skill level 5 in Spellcasting
  1317 | D:1      | Reached XP level 3. HP: 19/19 MP: 7/14
  1355 | D:1      | Learned a level 3 spell: Conjure Flame
  1359 | D:1      | Learned a level 3 spell: Mephitic Cloud
  2568 | D:2      | Learned a level 2 spell: Repel Missiles
  2679 | D:3      | Found a shattered altar of Ashenzari.
  2685 | D:3      | Reached XP level 4. HP: 24/24 MP: 9/17
  3343 | D:3      | Reached skill level 6 in Spellcasting
  3370 | D:3      | Found a basalt altar of Yredelemnul.
  3669 | D:4      | Noticed an ogre
  3679 | D:4      | Killed an ogre
  3679 | D:4      | Reached XP level 5. HP: 28/28 MP: 15/21
  3894 | D:5      | Entered Level 5 of the Dungeon
  3902 | D:4      | Found an iron altar of Okawaru.
  4167 | D:3      | Reached skill level 7 in Spellcasting
  4167 | D:3      | Reached XP level 6. HP: 32/32 MP: 15/23
  4283 | D:4      | Noticed a sky beast
  4301 | D:4      | Killed a sky beast
  4427 | D:5      | Found an opulent altar of Gozag.
  4483 | D:5      | Reached skill level 1 in Fighting
  5397 | D:4      | Noticed an ogre
  5407 | D:4      | Killed an ogre
  5407 | D:4      | Reached skill level 8 in Spellcasting
  5407 | D:4      | Reached XP level 7. HP: 38/38 MP: 14/26
  5575 | D:5      | Noticed a phantom
  5687 | D:4      | Killed a phantom
  6141 | D:4      | Reached skill level 5 in Dodging
  6367 | D:5      | Noticed Grinder
  6371 | D:5      | Killed Grinder
  6371 | D:5      | Reached skill level 9 in Spellcasting
  6371 | D:5      | Reached XP level 8. HP: 44/46 MP: 17/28
  6428 | D:5      | Found a bloodstained altar of Trog.
  6630 | D:5      | Noticed Blork the orc
  6642 | D:5      | Killed Blork the orc
  6792 | D:6      | Noticed Pikel
  6938 | D:6      | Reached skill level 1 in Evocations
  7000 | D:6      | Killed Pikel
  7000 | D:6      | Reached skill level 10 in Spellcasting
  7237 | D:5      | Noticed a sky beast
  7262 | D:5      | Killed a sky beast
  7442 | D:5      | Reached XP level 9. HP: 46/53 MP: 24/30
  7904 | D:6      | Found a shimmering altar of Xom.
  8516 | D:6      | Noticed Dowan
  8519 | D:6      | Noticed Duvessa
  8535 | D:6      | Killed Duvessa
  8535 | D:6      | Reached skill level 5 in Fighting
  8682 | D:6      | Killed Dowan
  8832 | D:7      | Found Vityapsa's Jewellery Emporium.
  8838 | D:7      | Bought an uncursed ring of magical power for 320 gold pieces
  8900 | D:7      | Reached skill level 11 in Spellcasting
  9007 | D:7      | Found a staircase to the Ecumenical Temple.
  9016 | Temple   | Entered the Ecumenical Temple
  9080 | Temple   | Became a worshipper of Sif Muna the Loreminder
  9167 | D:8      | Found a staircase to the Lair.
  9167 | D:8      | Noticed a fire drake
  9181 | D:7      | Killed a fire drake
  9353 | D:8      | Reached skill level 1 in Fire Magic
  9353 | D:8      | Reached skill level 1 in Air Magic
  9573 | D:7      | Reached skill level 1 in Poison Magic
  9917 | D:7      | Acquired Sif Muna's first power
 10952 | D:8      | Reached skill level 5 in Conjurations
 10952 | D:8      | Reached XP level 10. HP: 59/59 MP: 25/32
 11070 | D:8      | Found a white marble altar of Elyvilon.
 11456 | D:8      | Found Wiff's Armour Shoppe.
 11496 | D:8      | Noticed Eustachio
 11541 | D:8      | Killed Eustachio
 11541 | D:8      | Acquired Sif Muna's second power
 11894 | D:9      | Noticed an oklob plant
 12032 | D:10     | Entered Level 10 of the Dungeon
 12055 | D:9      | Found an ancient bone altar of Kikubaaqudgha.
 12623 | D:9      | Noticed Maurice
 12631 | D:9      | Reached skill level 12 in Spellcasting
 12637 | D:9      | Killed Maurice
 12879 | D:9      | Reached skill level 1 in Charms
 13059 | D:9      | Reached skill level 1 in Invocations
 13358 | D:9      | Found a staircase to the Orcish Mines.
 14261 | Lair:1   | Entered Level 1 of the Lair of Beasts
 14987 | Lair:1   | Reached XP level 11. HP: 60/64 MP: 34/34
 15474 | Lair:1   | Noticed a six-headed hydra
 15486 | Lair:1   | Killed a six-headed hydra
 15486 | Lair:1   | Acquired Sif Muna's third power
 15736 | Lair:2   | Noticed Gastronok
 16235 | Lair:2   | Killed Gastronok
 16235 | Lair:2   | Reached skill level 13 in Spellcasting
 16235 | Lair:2   | Reached skill level 5 in Fire Magic
 16358 | Lair:2   | Noticed Fannar
 16695 | Lair:2   | Reached skill level 5 in Evocations
 16746 | Lair:2   | Noticed Harold
 16746 | Lair:2   | Noticed a seven-headed hydra
 16755 | Lair:2   | Killed a seven-headed hydra
 16755 | Lair:2   | Killed from afar by Harold

Action                   |  1- 3 |  4- 6 |  7- 9 | 10-12 || total
-------------------------+-------+-------+-------+-------++-------
Melee: Unarmed           |     6 |       |       |       ||     6
       Dagger            |     2 |     6 |    19 |    97 ||   124
 Cast: Magic Dart        |    98 |   135 |   376 |   444 ||  1053
       Call Imp          |    11 |     5 |       |     4 ||    20
       Blink             |     1 |       |     4 |     9 ||    14
       Repel Missiles    |     1 |     1 |       |       ||     2
       Conjure Flame     |       |     5 |    48 |    59 ||   112
       Mephitic Cloud    |       |     5 |    23 |    31 ||    59
Evoke: Wand              |       |       |     3 |    16 ||    19
  Use: Scroll            |     1 |       |    10 |    16 ||    27
       Potion            |       |       |       |     2 ||     2
 Stab: Sleeping          |       |       |     1 |       ||     1
       Confused          |       |       |       |     7 ||     7
       Paralysed         |       |       |       |     4 ||     4
  Eat: Chunk             |     5 |     8 |    17 |    16 ||    46
       Fruit             |       |       |       |     2 ||     2
